 Dungeon Sprint DCSS version 0.28.0-43-g3370ac3207 (webtiles) character file.

Game seed: 1707742228005009124

17327 boopmooplesden the Minotaur Blade (level 12, -9/95 HPs)
             Began as a Minotaur Berserker on Mar 19, 2022.
             Was the Champion of Trog.
             Killed from afar by a fire giant (10 damage)
             ... with a bolt of fire
             ... in the Dungeon (Sprint I: "Red Sonja").
             The game lasted 00:10:39 (4314 turns).

boopmooplesden the Minotaur Blade (MiBe)            Turns: 4314, Time: 00:10:39

Health: -9/95      AC: 27    Str: 23 (24) XL:     12   Next: 17%
Magic:  0/8        EV: 13    Int:  4      God:    Trog [******]
Gold:   64         SH:  5    Dex: 15      Spells: 11/11 levels left

rFire   + . .      SeeInvis .   x - +3 triple sword (flame)
rCold   . . .      Faith    .   (shield currently unavailable)
rNeg    . . .      Spirit   .   y - +11 chain mail of the Turtle {-Cast rPois Will- Stlth+}
rPois   +          Reflect  +   u - +1 hat {Will+}
rElec   .          Harm     .   (no cloak)
rCorr   .          Rampage  +   B - +0 pair of gloves {infuse}
Will    .....      NoTele   +   q - +1 pair of boots {rampage}
Stlth   .......... NoCast   +   t - amulet of reflection
HPRegen 0.25/turn               k - +6 ring of dexterity
MPRegen 0.11/turn               C - ring of protection from fire

@: on berserk cooldown, slowed, unable to read, very slow
A: horns 2, retaliatory headbutt, clumsy 2, deformed body, deterioration 1,
frail 3, low MP 2, wild magic 1, inability to read while threatened
a: Renounce Religion, Berserk, Trog's Hand, Brothers in Arms


You were in the Dungeon.
You worshipped Trog.
Trog was exalted by your worship.
You visited 1 branch You collected 3070 gold pieces.
You spent 3006 gold pieces at shops.

Inventory:

Hand Weapons
 a - a +1 falchion
 d - a +4 vorpal great sword
 m - a +4 great sword
 s - the +5 demon blade of Lies {freeze, rF+ Str+2}
   (You bought it in a shop in the Dungeon)

   It freezes those it strikes, dealing additional cold damage.
   It can also slow down cold-blooded creatures.
   Str:       It affects your strength (+2).
   rF:        It protects you from fire.
 v - the +6 executioner's axe "Duneydar" {drain, Dex+3}
   (You bought it in a shop in the Dungeon)

   A truly terrible weapon, it drains the life of any living foe it strikes.
   Dex:       It affects your dexterity (+3).
 x - a +3 triple sword of flaming (weapon)
Missiles
 p - 2 silver javelins (quivered)
Armour
 b - a +0 animal skin
 e - a +10 plate armour of ponderousness
 j - a +0 chain mail
 o - the +0 robe of Qelimm {Fly Str+2}
   (You found it in the Dungeon)

   Str:       It affects your strength (+2).
   Fly:       It grants you flight.
 q - a +1 pair of boots of rampaging (worn)
 u - a +1 hat of willpower (worn)
 y - the +11 chain mail of the Turtle (worn) {-Cast rPois Will- Stlth+}
   (You bought it in a shop in the Dungeon)

   rPois:     It protects you from poison.
   -Cast:     It prevents spellcasting.
   Will:      It decreases your willpower.
   Stlth:     It makes you more stealthy.
 B - a +0 pair of gloves of infusion (worn)
Jewellery
 k - a +6 ring of dexterity (left hand)
 t - an amulet of reflection (around neck)
 C - a ring of protection from fire (right hand)
Wands
 h - a wand of acid (10)
 i - a wand of flame (19)
Scrolls
 n - a scroll of blinking
Potions
 c - 2 potions of curing
 f - 2 potions of magic
 g - a potion of berserk rage
 l - a potion of invisibility
 r - a potion of attraction
 w - a potion of might {unknown}
 z - a potion of lignification {unknown}
 A - a potion of flight {unknown}


   Skills:
 + Level 21.0 Fighting
 + Level 22.8 Long Blades
 + Level 18.0 Armour
 + Level 9.4 Dodging
 + Level 2.3 Stealth


You had 11 spell levels left.
You didn't know any spells.
Your spell library was empty.

Dungeon Overview and Level Annotations

Branches:
Dungeon (1/1)

Altars:
Cheibriados
Dithmenos
Elyvilon
Fedhas
Gozag
Hepliaklqana
Kikubaaqudgha
Makhleb
Nemelex Xobeh
Okawaru
Qazlal
Ru
Sif Muna
Trog
Uskayaw
Vehumet
Wu Jian
Xom
Yredelemnul
Zin
The Shining One
Jiyva
Lugonu

Shops:
D (((**!(*?[=([(**[(=[(


Innate Abilities, Weirdness & Mutations

You have a pair of horns on your head.
You reflexively headbutt those who attack you in melee.
You are very clumsy. (Dex -4)
Armour fits poorly on your strangely shaped body.
Your body sometimes deteriorates upon taking damage.
You are extremely frail. (-30% HP)
Your magical capacity is very low. (-20% MP)
Your spells are a little harder to cast, but a little more powerful.
You sometimes lose the ability to read scrolls when taking damage.


Message History

You feel yourself slow down.
You see here a +8 antimagic triple sword.
A fire giant comes into view.
It is wielding a +1 great sword of flaming.
The fire giant shouts!
There is an open door here.
You close the door.
You cannot read scrolls in your current state!
Unknown command.
You feel better.
A fire giant opens the door.
The fire giant casts a spell at you. The bolt of fire hits you! You resist.
Your body deteriorates!
You feel weakened.
You're still recovering from your berserk rage.
The fire giant hits you but does no damage.
There is an open door here.
You slice the fire giant like a ripe choko!!!!
You burn the fire giant.
You headbutt the fire giant, but do no damage.
The fire giant is almost dead.
The fire giant gestures at you while chanting.
The bolt of fire misses you.
The fire giant points at you and mumbles some strange words.
The bolt of fire hits you!! You resist.
* * * LOW HITPOINT WARNING * * *
You open the fire giant like a pillowcase!!!
You burn the fire giant. You headbutt the fire giant!
The fire giant is heavily wounded.
The fire giant hits you with a +1 great sword of flaming!
* * * LOW HITPOINT WARNING * * *
The fire giant burns you.
* * * LOW HITPOINT WARNING * * *
The fire giant hits you with a +1 great sword of flaming!
* * * LOW HITPOINT WARNING * * *
The fire giant burns you.
* * * LOW HITPOINT WARNING * * *
You slice the fire giant!!
The fire giant is almost dead.
The fire giant gestures at you while chanting.
The bolt of fire hits you! You resist.
You die...

#○○○○.+..○○$##§#A#$#,,≈,,*,****+*
###○☼.#....○#.§###$#,,≈,**+*,,,,*
'.#...###''##.##..$#,,≈**,,,,,,,,
#.#..###..###..#+###,,≈*,,,,,,,,,
#.#..####..###...#,≈,,**,,,,,,,,,
#.##'#..#..#.###.#,≈,,*,,,,,,,,,,
#.##.#.........#.#**,,*,,,,,,,,,,
'.####......°..#.#,',,**,,,,,,,,,
#§#(.'.....°####@#,**'**,,,,,,,,,
#§#####...###..CC#,*≈≈≈**,,,,,,,,
'.#$))#####)..####,*≈≈≈≈**,,,,,,*
###[......))###,,,,*≈≈≈≈≈********
*,,)....#####,,,,****≈≈≈≈*≈≈≈≈≈*,
*,,...,**^,^,,^,,*,,*'≈≈≈'≈≈,≈≈',
*,,C,,**,,,,,,^^^*,,,**≈≈*≈≈≈≈≈*≈
*,,,,,*,,,,,,,,,^*,,,,******'****
***********,,,,,,*,,,,*≈≈≈≈≈≈≈≈≈≈


You could see 2 fire giants.

Vanquished Creatures
  2 fire giants (D)
  A lorocyproca (D)
  A hydra (D)
  2 centaur warriors (D)
  Sonja (D)
  A deep troll (D)
  A lindwurm (D)
  An oklob plant (D)
  8 shining eyes (D)
  A gargoyle (D)
  2 kobold demonologists (D)
  7 unseen horrors (D)
  4 demonic crawlers (D)
  A hornet (D)
  A slime creature (D)
  Sigmund (D)
  A yak (D)
  13 hogs (D)
  2 redbacks (D)
  7 floating eyes (D)
  7 necrophages (D)
  An ogre (D)
  8 jellies (D)
  Ijyb (D)
  A ballistomycete spore (D)
76 creatures vanquished.

Vanquished Creatures (others)
  A ballistomycete spore (D)
1 creature vanquished.

Grand Total: 77 creatures vanquished

Notes
Turn   | Place    | Note
-------+----------+-------------------------------------------
     0 | D        | boopmooplesden the Minotaur Berserker began the quest for
                  | the Orb.
     0 | D        | Reached XP level 1. HP: 19/19 MP: 0/0
     3 | D        | Noticed Ijyb
    10 | D        | Killed Ijyb
    11 | D        | Reached skill level 5 in Fighting
    11 | D        | Reached skill level 5 in Long Blades
    11 | D        | Reached XP level 2. HP: 18/29 MP: 1/1
    60 | D        | Noticed an ogre
    66 | D        | Killed an ogre
    67 | D        | Reached skill level 7 in Long Blades
    67 | D        | Reached XP level 3. HP: 16/40 MP: 2/2
    67 | D        | Reached XP level 4. HP: 19/48 MP: 3/3
   377 | D        | Noticed Sigmund
   390 | D        | Killed Sigmund
   390 | D        | Reached ** piety under Trog
   391 | D        | Reached skill level 9 in Long Blades
   391 | D        | Reached XP level 5. HP: 10/58 MP: 4/4
   586 | D        | Found a burning altar of Makhleb.
   586 | D        | Found a viscous altar of Jiyva.
   586 | D        | Found a shimmering altar of Xom.
   586 | D        | Found a corrupted altar of Lugonu.
   586 | D        | Noticed a slime creature
   592 | D        | Killed a slime creature
   593 | D        | Reached skill level 11 in Long Blades
   593 | D        | Reached skill level 5 in Dodging
   593 | D        | Reached XP level 6. HP: 68/68 MP: 5/5
   645 | D        | Noticed a kobold demonologist
   645 | D        | Noticed a floating eye
   647 | D        | Noticed an orange demon
   647 | D        | Noticed a kobold demonologist
   649 | D        | Killed a floating eye
   650 | D        | Reached XP level 7. HP: 74/74 MP: 6/6
   651 | D        | Noticed a sun demon
   654 | D        | Killed a kobold demonologist
   654 | D        | Reached *** piety under Trog
   655 | D        | Reached skill level 12 in Long Blades
   658 | D        | Killed a kobold demonologist
   659 | D        | Reached skill level 13 in Long Blades
   659 | D        | Reached XP level 8. HP: 86/86 MP: 7/7
   868 | D        | Found an ornate altar of the Wu Jian Council.
   868 | D        | Found a shimmering blue altar of Sif Muna.
   870 | D        | Found a radiant altar of Vehumet.
   905 | D        | Found Eplennufy's General Store.
   905 | D        | Found an ancient bone altar of Kikubaaqudgha.
   905 | D        | Found a hazy altar of Hepliaklqana.
   905 | D        | Found a hide-covered altar of Uskayaw.
   905 | D        | Found a basalt altar of Yredelemnul.
   905 | D        | Found an opulent altar of Gozag.
   905 | D        | Found a snail-covered altar of Cheibriados.
   905 | D        | Found a sacrificial altar of Ru.
   905 | D        | Found a shadowy altar of Dithmenos.
   910 | D        | Reached **** piety under Trog
   911 | D        | Found a stormy altar of Qazlal.
   911 | D        | Found a blossoming altar of Fedhas.
   911 | D        | Found a bloodstained altar of Trog.
   911 | D        | Found an iron altar of Okawaru.
   911 | D        | Found a glowing golden altar of the Shining One.
   911 | D        | Found a glowing silver altar of Zin.
   911 | D        | Found a white marble altar of Elyvilon.
   912 | D        | Found a sparkling altar of Nemelex Xobeh.
   916 | D        | Bought a scroll of enchant weapon for 97 gold pieces
   925 | D        | Noticed a centaur warrior
   925 | D        | Noticed a centaur warrior
   932 | D        | Killed a centaur warrior
   933 | D        | Reached skill level 14 in Long Blades
   933 | D        | Reached skill level 10 in Armour
   935 | D        | Killed a centaur warrior
   936 | D        | Reached skill level 15 in Fighting
   936 | D        | Reached skill level 15 in Long Blades
   936 | D        | Reached XP level 9. HP: 92/97 MP: 8/8
  1074 | D        | Identified the +0 robe of Qelimm {Fly Str+2}
  1077 | D        | Noticed a deep troll
  1084 | D        | Killed a deep troll
  1096 | D        | Found Weqeb's Armour Emporium.
  1103 | D        | Bought a +0 pair of boots of rampaging for 161 gold pieces
  1330 | D        | Noticed an oklob plant
  1336 | D        | Killed an oklob plant
  1337 | D        | Reached skill level 16 in Long Blades
  1473 | D        | Reached ***** piety under Trog
  1787 | D        | Killed an unseen horror
  1788 | D        | Reached XP level 10. HP: 108/108 MP: 9/9
  1825 | D        | Received a gift from Trog
  1999 | D        | Received a gift from Trog
  2093 | D        | Reached skill level 17 in Long Blades
  2114 | D        | Found Kisaj's Assorted Antiques.
  2114 | D        | Found Atwoh's Antique Weapon Shop.
  2114 | D        | Found Lazxevow's Magic Scroll Boutique.
  2116 | D        | Found Depher's Armour Emporium.
  2116 | D        | Found Lybuf's Jewellery Shop.
  2116 | D        | Found Waodgh's Antique Weapon Shoppe.
  2116 | D        | Found Mulesov's Antique Armour Boutique.
  2116 | D        | Found Xazyth's Antique Weapon Emporium.
  2116 | D        | Found Juog's Assorted Antiques.
  2116 | D        | Found Hijeishi's General Store.
  2118 | D        | Bought an iridescent demon blade for 460 gold pieces
  2118 | D        | Identified the +5 demon blade of Lies {freeze, rF+ Str+2}
                  | (You bought it in a shop in the Dungeon)
  2121 | D        | Bought a scroll labelled SOPHA YMEOTA for 20 gold pieces
  2124 | D        | Found Soodayni's Antique Armour Boutique.
  2125 | D        | Found Jaebiriz's Jewellery Emporium.
  2125 | D        | Found Vogaibbe's Weapon Boutique.
  2126 | D        | Found Pusienor's Antique Weapon Emporium.
  2132 | D        | Bought a scroll labelled RAOHOU JELEOHI for 28 gold pieces
  2192 | D        | Noticed Sonja
  2198 | D        | Killed Sonja
  2198 | D        | Received a gift from Trog
  2199 | D        | Reached skill level 15 in Armour
  2267 | D        | Found Vorgh's Weapon Boutique.
  2338 | D        | Noticed a shining eye
  2338 | D        | Noticed a shining eye
  2338 | D        | Noticed a shining eye
  2338 | D        | Gained mutation: You are clumsy. (Dex -2) [a shining eye]
  2339 | D        | Noticed a shining eye
  2341 | D        | Gained mutation: You sometimes lose the ability to read
                  | scrolls when taking damage. [a shining eye]
  2341 | D        | Noticed a shining eye
  2344 | D        | Killed a shining eye
  2346 | D        | Killed a shining eye
  2347 | D        | Noticed a shining eye
  2348 | D        | Noticed a shining eye
  2348 | D        | Noticed a shining eye
  2348 | D        | Gained mutation: You are dopey. (Int -2) [a shining eye]
  2348 | D        | Paralysed by a floating eye for 2 turns
  2352 | D        | Gained mutation: You are very clumsy. (Dex -4) [a shining
                  | eye]
  2353 | D        | Gained mutation: Armour fits poorly on your strangely
                  | shaped body. [a shining eye]
  2354 | D        | Paralysed by a floating eye for 3 turns
  2354 | D        | Gained mutation: Your body sometimes deteriorates upon
                  | taking damage. [a shining eye]
  2355 | D        | Reached skill level 18 in Long Blades
  2356 | D        | Gained mutation: You are frail. (-10% HP) [a shining eye]
  2356 | D        | Gained mutation: You are very frail. (-20% HP) [a shining
                  | eye]
  2358 | D        | Gained mutation: Your spells are a little harder to cast,
                  | but a little more powerful. [a shining eye]
  2358 | D        | Gained mutation: Your magical capacity is low. (-10% MP) [a
                  | shining eye]
  2361 | D        | Paralysed by a floating eye for 3 turns
  2364 | D        | Killed a shining eye
  2364 | D        | Reached ****** piety under Trog
  2364 | D        | Lost intelligence.
  2364 | D        | Gained mutation: You are very dopey. (Int -4) [a shining
                  | eye]
  2364 | D        | Gained mutation: You tend to lose your temper in combat. [a
                  | shining eye]
  2365 | D        | Reached skill level 1 in Stealth
  2369 | D        | Gained mutation: You are extremely frail. (-30% HP) [a
                  | shining eye]
  2370 | D        | Killed a shining eye
  2371 | D        | Lost mutation: Your spells are a little harder to cast, but
                  | a little more powerful. [a shining eye]
  2372 | D        | Killed a shining eye
  2373 | D        | Reached XP level 11. HP: 84/84 MP: 8/8
  2374 | D        | Paralysed by a floating eye for 2 turns
  2376 | D        | Killed a shining eye
  2376 | D        | Received a gift from Trog
  2381 | D        | Killed a shining eye
  2382 | D        | Reached skill level 19 in Long Blades
  2383 | D        | Gained mutation: Your magical capacity is very low. (-20%
                  | MP) [a shining eye]
  2384 | D        | Killed a shining eye
  2512 | D        | Found Puaklarod's Antique Weapon Shoppe.
  2512 | D        | Found Xaokh's General Store.
  2512 | D        | Found Vifacit's Antique Weapon Emporium.
  2512 | D        | Found Xon Gat's Distillery.
  2519 | D        | Bought a potion of mutation for 96 gold pieces
  2519 | D        | Lost mutation: You tend to lose your temper in combat.
                  | [potion of mutation]
  2519 | D        | Lost mutation: You are very dopey. (Int -4) [potion of
                  | mutation]
  2519 | D        | Lost mutation: You are dopey. (Int -2) [potion of mutation]
  2519 | D        | Gained mutation: Your spells are a little harder to cast,
                  | but a little more powerful. [potion of mutation]
  2522 | D        | Bought a +1 hat of willpower for 176 gold pieces
  2538 | D        | Bought a fine executioner's axe for 330 gold pieces
  2538 | D        | Identified the +6 executioner's axe "Duneydar" {drain,
                  | Dex+3} (You bought it in a shop in the Dungeon)
  2612 | D        | Reached skill level 20 in Long Blades
  2623 | D        | Noticed a lindwurm
  2628 | D        | Killed a lindwurm
  2788 | D        | Received a gift from Trog
  2795 | D        | Reached skill level 21 in Long Blades
  2802 | D        | Received a gift from Trog
  2843 | D        | Noticed a 12-headed hydra
  2845 | D        | Killed a ten-headed hydra
  2952 | D        | Noticed a daeva
  2971 | D        | Received a gift from Trog
  3205 | D        | Killed a lorocyproca
  3206 | D        | Reached skill level 22 in Long Blades
  3602 | D        | Bought the +11 chain mail of the Turtle {-Cast rPois Will-
                  | Stlth+} for 872 gold pieces
  3853 | D        | Bought a +0 pair of gloves of infusion for 161 gold pieces
  4015 | D        | Bought an amulet of reflection for 330 gold pieces
  4020 | D        | Bought a ring of protection from fire for 275 gold pieces
  4099 | D        | Reached XP level 12. HP: 46/93 MP: 4/8
  4287 | D        | Noticed a fire giant
  4290 | D        | Noticed a fire giant
  4294 | D        | Killed a fire giant
  4299 | D        | Killed a fire giant
  4299 | D        | Received a gift from Trog
  4300 | D        | Noticed a fire giant
  4303 | D        | Noticed a fire giant
  4313 | D        | HP: 3/95 [fire giant/+1 great sword of flaming (11)]
  4313 | D        | HP: 1/95 [fire giant/+1 great sword of flaming (2)]
  4314 | D        | Killed from afar by a fire giant

Illustrated notes

Levels and vault maps discovered:
D:        dungeon_sprint_1 [red_sonja_temple_1, red_sonja_temple_small_1]

Skill      XL: |  1  2  3  4  5  6  7  8  9 10 11 12 |
---------------+-------------------------------------+-----
Fighting       | 5 7 9 11 13 15 16 18 20 21 | 21.0
Long Blades    | 5 7 9 11 13 15 16 18 22 | 22.8
Armour         | 3 4 6 7 9 11 14 16 17 18 | 18.0
Dodging        | 3 4 5 6 7 8 9 |  9.4
Stealth        | 1 2 |  2.3

Action                   |  1- 3 |  4- 6 |  7- 9 | 10-12 || total
-------------------------+-------+-------+-------+-------++-------
Melee: Falchion          |    11 |    12 |    46 |    17 ||    86
       Headbutt          |       |     2 |    18 |    33 ||    53
       Punch             |       |       |     2 |       ||     2
       Great sword       |       |       |       |   100 ||   100
       Triple sword      |       |       |       |    34 ||    34
Invok: Berserk           |     2 |     3 |     6 |     7 ||    18
  Use: Scroll            |       |       |     2 |     5 ||     7
       Potion            |       |       |       |     4 ||     4
Armor: Chain mail        |       |     2 |    22 |    65 ||    89
       Plate armour      |       |       |       |    53 ||    53
Dodge: Dodged            |     3 |     1 |    15 |    72 ||    91
